 Dungeon Crawl Stone Soup version 0.28-a0-863-g8cecda6153 (webtiles) character file.

Game seed: 10192012319788986538

13628 ders the Geomancer (level 12, -2/59 HPs)
             Began as a Gargoyle Earth Elementalist on Nov 19, 2021.
             Was an Elder of Vehumet.
             Slain by a boulder beetle (13 damage)
             ... on level 11 of the Dungeon.
             The game lasted 00:18:22 (16185 turns).

ders the Geomancer (Gargoyle Earth Elementalist)   Turns: 16185, Time: 00:18:23

Health: -2/59      AC: 13    Str: 19    XL:     12   Next: 8%
Magic:  0/26       EV: 11    Int: 19    God:    Vehumet [****..]
Gold:   697        SH:  4    Dex: 10    Spells: 21/31 levels left

rFire   + + .      SeeInvis .   F - +0 flail (protect)
rCold   + . .      Faith    +   q - +0 buckler
rNeg    + . .      Spirit   .   p - +0 steam dragon scales
rPois   ∞          Reflect  .   (no helmet)
rElec   +          Harm     .   (no cloak)
rCorr   .          Rampage  .   (no gloves)
Will    .....                   (no boots)
Stlth   ++........              A - amulet of faith
HPRegen 0.19/turn               x - ring "Uqiu" {+Blink rF+ rC+ Str+5}
MPRegen 0.20/turn               f - ring of protection from fire

@: about to teleport
A: sickness immunity, AC +8, negative energy resistance 1, electricity
resistance, torment resistance 1, petrification resistance
a: Renounce Religion, Evoke Blink


You were on level 11 of the Dungeon.
You worshipped Vehumet.
Vehumet was greatly pleased with you.
You visited 3 branches of the dungeon, and saw 13 of its levels.

You collected 745 gold pieces.
You spent 48 gold pieces at shops.

Inventory:

Hand Weapons
 i - a +0 short sword
 F - a +0 flail of protection (weapon)
Missiles
 c - 311 stones
Armour
 b - a +0 robe
 p - +0 steam dragon scales (worn)
 q - a +0 buckler (worn)
Jewellery
 d - a +4 ring of evasion
 f - a ring of protection from fire (right hand)
 k - a +4 ring of evasion
 v - a +6 ring of dexterity
 x - the ring "Uqiu" (left hand) {+Blink rF+ rC+ Str+5}
   (You took it off a gnoll on level 6 of the Dungeon)

   [ring of protection from cold]

   Str:       It affects your strength (+5).
   rF:        It protects you from fire.
   rC:        It protects you from cold.
   +Blink:    It lets you blink.
 A - an amulet of faith (around neck)
 J - a +4 ring of evasion
Wands
 o - a wand of polymorph (8)
 s - a wand of flame (16)
 I - a wand of paralysis (8)
Scrolls
 a - 2 scrolls of amnesia {unknown}
 e - 2 scrolls of summoning {unknown}
 g - 9 scrolls of identify {unknown}
 l - 4 scrolls of teleportation
 n - 2 scrolls of enchant armour {unknown}
 w - 2 scrolls of enchant weapon {unknown}
 y - a scroll of blinking {unknown}
 B - 4 scrolls of immolation {unknown}
 C - 2 scrolls of vulnerability {unknown}
 D - a scroll of fog {unknown}
 K - a scroll of fear {unknown}
Potions
 h - 4 potions of curing
 j - 2 potions of flight {unknown}
 m - 2 potions of berserk rage {unknown}
 r - 3 potions of haste {unknown}
 t - 3 potions of invisibility {unknown}
 u - 2 potions of magic {unknown}
 z - a potion of attraction {unknown}
 E - a potion of might {unknown}
 G - 2 potions of degeneration {unknown}
 H - a potion of mutation {unknown}


   Skills:
 - Level 1.5 Dodging
 + Level 2.5 Stealth
 - Level 4.0 Shields
 + Level 10.4 Spellcasting
 + Level 11.4 Conjurations
 + Level 0.7 Transmutations
 + Level 1.7 Air Magic
 + Level 13.2 Earth Magic


You had 21 spell levels left.
You knew the following spells:

 Your Spells              Type           Power      Damage    Failure   Level
a - Sandblast             Erth           100%       2d20      1%          1
b - Stone Arrow           Conj/Erth      100%       3d13      1%          3
c - Blink                 Tloc           18%        N/A       11%         2
d - Airstrike             Air            8%         N/A       10%         4

Your spell library contained the following spells:

 Spells                   Type           Power      Damage    Failure   Level
 Passwall                 Tmut/Erth      30%        N/A       1%          2
 Mephitic Cloud           Conj/Pois/Air  26%        N/A       1%          3
 Lee's Rapid Deconstruct  Erth           28%        3d16*     1%          5
 Leda's Liquefaction      Hex/Erth       17%        N/A       4%          4
 Petrify                  Tmut/Erth      36%        N/A       4%          4
 Ignite Poison            Fire/Tmut/Pois 10%        N/A       5%          3
 Freezing Cloud           Conj/Ice/Air   13%        6-21      9%          5
 Ensorcelled Hibernation  Hex/Ice        18%        N/A       11%         2
 Spider Form              Tmut/Pois      11%        N/A       19%         3
 Lesser Beckoning         Tloc           9%         N/A       22%         3
 Summon Lightning Spire   Summ/Air       13%        N/A       45%         4
 Summon Ice Beast         Ice/Summ       9%         N/A       56%         4
 Manifold Assault         Tloc           9%         N/A       89%         5
 Summon Mana Viper        Hex/Summ       9%         N/A       89%         5
 Monstrous Menagerie      Summ           4%         N/A       100%        7
 Storm Form               Tmut/Air       7%         N/A       100%        7
 Maxwell's Capacitive Co  Air            8%         ∞         100%        8
 Statue Form              Tmut/Erth      Unusable   N/A       N/A         6

Dungeon Overview and Level Annotations

Branches:
Dungeon (11/15)            Temple (1/1) D:4            Lair (1/6) D:8
    Orc (0/2) D:10

Altars:
Dithmenos
Fedhas
Makhleb
Nemelex Xobeh
Okawaru
Trog
Uskayaw
Vehumet
Xom
Zin
The Shining One

Shops:
D:9 **?

Annotations:
D:9 2 transporters, ThanksArdit's ghost, novice MiGl


Innate Abilities, Weirdness & Mutations

You are immune to sickness and miasma.
Your stone body is resilient. (AC +8)
You are immune to poison.
You resist negative energy. (rN+)
You are resistant to electric shocks. (rElec)
You are resistant to unholy torment.
You are immune to petrification.


Message History

Unknown command.
Casting: Sandblast (safe; 1% risk of failure)
Confirm with . or Enter, or press ? or * to list all spells.
Aiming: Sandblast (safe; 1% risk of failure)
Press: ? - help, Shift-Dir - straight line, f/p - boulder beetle
Aim: a boulder beetle (heavily wounded, 100% to hit)
The blast of sand hits the boulder beetle but does no damage.
The boulder beetle is heavily wounded.
The boulder beetle bites you!
Unknown command.
The boulder beetle curls into a ball and begins rolling!
Casting: Sandblast (safe; 1% risk of failure)
Confirm with . or Enter, or press ? or * to list all spells.
Aiming: Sandblast (safe; 1% risk of failure)
Press: ? - help, Shift-Dir - straight line, f/p - boulder beetle
Aim: a boulder beetle (heavily wounded, rolling, 100% to hit)
The blast of sand hits the boulder beetle but does no damage.
The boulder beetle is heavily wounded.
The boulder beetle hits you!
The boulder beetle stops rolling and uncurls.
Unknown command.
The boulder beetle curls into a ball and begins rolling!
You block the boulder beetle's attack.
The boulder beetle stops rolling and uncurls.
Casting: Sandblast (safe; 1% risk of failure)
Confirm with . or Enter, or press ? or * to list all spells.
Aiming: Sandblast (safe; 1% risk of failure)
Press: ? - help, Shift-Dir - straight line, f/p - boulder beetle
Aim: a boulder beetle (moderately wounded, 100% to hit)
The blast of sand hits the boulder beetle but does no damage.
The boulder beetle is moderately wounded.
The boulder beetle bites you!!
* * * LOW HITPOINT WARNING * * *
Unknown command.
You feel better.
The boulder beetle waves its antennae.
The boulder beetle closely misses you.
As you read the scroll of teleportation, it crumbles to dust.
You feel strangely unstable. The boulder beetle bites you!
You die...

/............# #.>..........# #.
.............# #............# #.
.............# #............####.
..#..........# #.................
..##.........# #.................
...........# #.................
........########.................
....###.##.......................
...............B@................
........................###......
........................# #......
..........†.............# #......
........................# #......
...................###### #......
..............###### #......
#...########### #...... #...#


You could see a boulder beetle.

Vanquished Creatures
  4 two-headed ogres
  Pikel (D:9)
  A manticore (D:8)
  A cane toad (Lair:1)
  4 kobold demonologists
  A komodo dragon (D:11)
  A yaktaur (D:8)
  A troll (D:11)
  Grinder (D:4)
  3 slime creatures (D:11)
  A hornet (D:7)
  Sigmund (D:3)
  9 yaks
  A wyvern (D:8)
  A wraith (D:10)
  2 steam dragons
  2 wargs (D:7)
  An acid dragon (D:11)
  6 orc warriors
  2 black bears
  3 ice beasts
  A necrophage (D:8)
  2 sky beasts (D:8)
  A hornet zombie (D:8)
  8 centaurs
  4 ogres
  2 phantoms
  6 bullfrogs
  2 kobold brigands
  3 gnoll sergeants
  2 scorpions
  A wyvern skeleton (D:6)
  A water moccasin skeleton (D:6)
  A killer bee (D:8)
  A wight (D:8)
  2 electric eels (D:11)
  2 howler monkeys
  2 bullfrog zombies
  4 centaur zombies
  3 hounds
  A gnoll shaman (D:9)
  4 orc priests
  A jelly (D:6)
  2 iguanas (D:5)
  Ijyb (D:3)
  Terence (D:3)
  A scorpion zombie (D:5)
  16 orc wizards
  2 killer bee zombies (D:8)
  A hound skeleton (D:4)
  A howler monkey zombie (D:8)
  16 gnolls
  6 adders
  A shadow imp (D:8)
  An adder zombie (D:5)
  A worm (D:2)
  37 orcs
  7 endoplasms
  2 giant cockroaches (D:4)
  8 goblins
  8 hobgoblins
  7 jackals
  3 quokkas
  7 ball pythons
  3 bats
  A frilled lizard (D:2)
  6 kobolds
  8 rats
248 creatures vanquished.

Notes
Turn   | Place    | Note
-------+----------+-------------------------------------------
     0 | D:1      | ders the Gargoyle Earth Elementalist began the quest for
                  | the Orb.
     0 | D:1      | Reached XP level 1. HP: 10/10 MP: 3/3
   292 | D:1      | Reached XP level 2. HP: 15/15 MP: 0/5
   471 | D:1      | Reached skill level 1 in Conjurations
   632 | D:1      | Found a faded altar of an unknown god.
   640 | D:1      | Reached skill level 4 in Earth Magic
   806 | D:2      | Reached XP level 3. HP: 16/19 MP: 1/6
  1637 | D:3      | Noticed Sigmund
  1841 | D:3      | Killed Sigmund
  1842 | D:3      | Reached skill level 5 in Earth Magic
  1842 | D:3      | Reached XP level 4. HP: 21/24 MP: 3/9
  1842 | D:3      | Reached XP level 5. HP: 24/28 MP: 3/10
  1995 | D:3      | Noticed a +0 short sword
  1996 | D:3      | Noticed a +0 spear
  1996 | D:3      | Noticed a +0 dagger
  1996 | D:3      | Noticed a +0 falchion
  1997 | D:3      | Noticed a +0 falchion
  1997 | D:3      | Noticed a +0 short sword
  1997 | D:3      | Noticed a +0 spear
  1997 | D:3      | Noticed a +0 dagger
  2000 | D:3      | Found a hide-covered altar of Uskayaw.
  2001 | D:3      | Noticed Terence
  2049 | D:3      | Reached XP level 6. HP: 32/32 MP: 7/11
  2120 | D:3      | Killed Terence
  2461 | D:3      | Noticed Ijyb
  2472 | D:3      | Killed Ijyb
  2932 | D:4      | Noticed Grinder
  2940 | D:4      | Killed Grinder
  2941 | D:4      | Reached skill level 6 in Earth Magic
  2941 | D:4      | Reached XP level 7. HP: 24/36 MP: 3/13
  3426 | D:4      | Reached skill level 5 in Conjurations
  3501 | D:4      | Learned a level 3 spell: Stone Arrow
  3728 | D:4      | Reached skill level 7 in Earth Magic
  3808 | D:4      | Found a staircase to the Ecumenical Temple.
  3812 | D:4      | Reached XP level 8. HP: 41/41 MP: 7/15
  4096 | Temple   | Entered the Ecumenical Temple
  4124 | Temple   | Became a worshipper of Vehumet
  4153 | D:5      | Entered Level 5 of the Dungeon
  4188 | D:5      | Reached skill level 5 in Spellcasting
  5239 | D:5      | Reached skill level 8 in Earth Magic
  5661 | D:5      | Found a shimmering altar of Xom.
  6042 | D:6      | Found a blossoming altar of Fedhas.
  6262 | D:6      | Identified the ring "Uqiu" {+Blink rF+ rC+ Str+5}
  6364 | D:6      | Reached * piety under Vehumet
  6364 | D:6      | Offered knowledge of Magic Dart by Vehumet.
  6430 | D:6      | Reached XP level 9. HP: 39/45 MP: 5/18
  7713 | D:7      | Noticed a hornet
  7719 | D:7      | Killed a hornet
  7720 | D:7      | Reached skill level 9 in Earth Magic
  7877 | D:7      | You fall into a shaft and drop 3 floors!
  7877 | D:10     | Entered Level 10 of the Dungeon
  7877 | D:10     | Noticed a kobold demonologist
  8498 | D:8      | Reached skill level 10 in Earth Magic
  8733 | D:7      | Reached XP level 10. HP: 50/50 MP: 15/21
  9455 | D:8      | Offered knowledge of Shock by Vehumet.
  9465 | D:8      | Reached ** piety under Vehumet
  9468 | D:8      | Noticed a manticore
  9473 | D:8      | Killed a manticore
  9643 | D:8      | Reached skill level 11 in Earth Magic
 10006 | D:8      | Found a staircase to the Lair.
 10147 | D:7      | HP: 2/50 [warg (10)]
 10852 | D:8      | Found an iron altar of Okawaru.
 10914 | D:8      | Noticed a two-headed ogre
 10920 | D:8      | Killed a two-headed ogre
 10921 | D:8      | Reached skill level 1 in Shields
 10921 | D:8      | Reached skill level 10 in Conjurations
 11454 | D:8      | Found a sparkling altar of Nemelex Xobeh.
 11646 | Lair:1   | Entered Level 1 of the Lair of Beasts
 11650 | Lair:1   | Learned a level 2 spell: Blink
 11702 | Lair:1   | Noticed a cane toad
 11708 | Lair:1   | Killed a cane toad
 11709 | Lair:1   | Reached XP level 11. HP: 54/54 MP: 13/23
 11840 | D:9      | Noticed Pikel
 12050 | D:9      | Killed Pikel
 12051 | D:9      | Reached skill level 12 in Earth Magic
 12134 | D:9      | Found a burning altar of Makhleb.
 12187 | D:9      | Found a transporter.
 12192 | D:9      | Noticed ThanksArdit's ghost (novice MiGl)
 12752 | D:9      | Found a transporter.
 13023 | D:9      | Offered knowledge of Searing Ray by Vehumet.
 13119 | D:9      | Reached *** piety under Vehumet
 13317 | D:9      | Found Deaxy's Assorted Antiques.
 13508 | D:9      | Found Zicw's Magic Scroll Shop.
 13537 | D:9      | Bought a scroll of teleportation for 48 gold pieces
 13661 | D:9      | Found a bloodstained altar of Trog.
 13782 | D:9      | Found a glowing silver altar of Zin.
 13782 | D:9      | Noticed an angel
 13841 | D:9      | Found Fitso's Island Escapes.
 13979 | D:10     | Found a staircase to the Orcish Mines.
 14436 | D:9      | Offered knowledge of Airstrike by Vehumet.
 14532 | D:9      | Learned a level 4 spell: Airstrike
 14574 | D:10     | Noticed a two-headed ogre
 14579 | D:10     | Killed a two-headed ogre
 15509 | D:11     | Noticed a two-headed ogre
 15512 | D:11     | Killed a two-headed ogre
 15513 | D:11     | Reached skill level 10 in Spellcasting
 15513 | D:11     | Reached skill level 13 in Earth Magic
 15656 | D:11     | Noticed a two-headed ogre
 15662 | D:11     | Killed a two-headed ogre
 15665 | D:11     | Reached skill level 1 in Air Magic
 15869 | D:11     | Reached XP level 12. HP: 59/59 MP: 8/26
 15874 | D:11     | Reached **** piety under Vehumet
 16152 | D:11     | Noticed a boulder beetle
 16185 | D:11     | Slain by a boulder beetle

Illustrated notes

Levels and vault maps discovered:
D:1:      roderic_dead_forest, layout_rooms, chequers_ecumenical_altar_island
D:2:      layout_basic, serial_bayou_ford_a
D:3:      layout_loops_ring, nicolae_uskayaw_en_pointe, uniq_sigmund, uniq_ijyb,
          uniq_terence
D:4:      layout_rooms, minmay_temple_entry_glass, uniq_grinder
D:5:      layout_basic, brannock_xom_greatest_gift, grunt_ministairs_14,
          minivault_23
D:6:      layout_basic, lemuel_tele_altar
D:7:      layout_basic, grunt_decor_cap
D:8:      nzn_winding_woodlands_small [nzn_winding_woodlands_5x15_zeroes,
          nzn_winding_woodlands_center_pierced_h,
          nzn_winding_woodlands_5x15_pockets], layout_layer_cave,
          kennysheep_mini, marbit_many_paths, erik_lair_orcish_takeover
D:9:      layout_cave_pools, zin_angel, kennysheep_mini_moat,
          trog_hazing_becter, serial_gnoll_camp, gnoll_camp_mini_hut,
          gnoll_camp_mini_doghouse, gnoll_camp_mini_shop, gnoll_camp_mini_hut,
          gnoll_camp_mini_shop, gnoll_camp_mini_hut, gammafunk_ghost_arena,
          nicolae_island_escapes, uniq_pikel
D:10:     layout_stronghold, orc_0_dummy
D:11:     layout_basic, amcnicky_mini_rare_corridor_liquid
Temple:   dpeg_chambers_temple
Lair:1:   beast_lair_carwin_large_1, layout_hall_layers

Skill      XL: |  1  2  3  4  5  6  7  8  9 10 11 |
---------------+----------------------------------+-----
Conjurations   | 1 3 4 5 6 8 10 11 | 11.4
Earth Magic    | 4 5 6 7 8 10 11 13 | 13.2
Spellcasting   | 3 4 6 7 8 10 | 10.4
Shields        | 2 4 |  4.0
Air Magic      | 1 |  1.7
Dodging        | |  1.5
Stealth        | |  2.5
Transmutations | |  0.7

Action                   |  1- 3 |  4- 6 |  7- 9 | 10-12 || total
-------------------------+-------+-------+-------+-------++-------
Melee: Unarmed           |     6 |       |       |       ||     6
       Short sword       |    11 |       |    36 |     1 ||    48
       Flail             |       |       |       |     7 ||     7
 Cast: Sandblast         |    45 |    42 |    82 |    57 ||   226
       Stone Arrow       |       |       |    97 |   195 ||   292
       Airstrike         |       |       |       |    16 ||    16
  Use: Potion            |       |       |     1 |     2 ||     3
       Scroll            |       |       |       |     1 ||     1
Armor: Robe              |     7 |     2 |    47 |    17 ||    73
       Steam dragon scal |       |       |       |    49 ||    49
Dodge: Dodged            |    29 |    13 |    87 |    97 ||   226
Block: Buckler           |       |       |       |    20 ||    20

Table legend: (Time is in decaauts)
 A = Elapsed time spent in this place.
 B = Non-inter-level travel time spent in this place.
 C = Inter-level travel time spent in this place.
 D = Time resting spent in this place.
 E = Time spent auto-exploring this place.
 F = Levels seen in this place.
 G = Mean time per level.
                   A        B        C        D        E       F      G
               +--------+--------+--------+--------+--------+-----+--------+
         Total |  16214 |  15546 |    668 |   5912 |   7791 |  13 | 1247.2 |
       Dungeon |  16021 |  15409 |    612 |   5859 |   7723 |  11 | 1456.5 |
        Temple |     36 |     20 |     16 |      0 |     17 |   1 |   36.0 |
          Lair |    156 |    116 |     40 |     53 |     51 |   1 |  156.0 |
               +--------+--------+--------+--------+--------+-----+--------+

Top non-repeatable levels by time:
     D:8: 3286 daAuts
     D:9: 1795 daAuts
     D:6: 1754 daAuts
     D:5: 1735 daAuts
     D:7: 1427 daAuts
     D:3: 1246 daAuts
    D:10: 1186 daAuts
     D:4: 1083 daAuts
     D:2: 1068 daAuts
     D:1: 727 daAuts
    D:11: 709 daAuts
  Lair:1: 156 daAuts
  Temple: 36 daAuts
